 Dungeon Crawl Stone Soup version 0.27.1-3-gb3d3a73c9e (webtiles) character file.

Game seed: 8093292290640383093

3678 horus123 the Thaumaturge (level 9, -11/67 HPs)
             Began as a Deep Elf Conjurer on Oct 11, 2021.
             Was a Follower of Vehumet.
             Mangled by a brown ugly thing (13 damage)
             ... on level 7 of the Dungeon.
             The game lasted 00:36:13 (11221 turns).

horus123 the Thaumaturge (Deep Elf Conjurer)       Turns: 11221, Time: 00:36:14

Health: -11/67     AC:  4    Str: 10    XL:     9   Next: 90%
Magic:  21/33      EV: 13    Int: 27    God:    Vehumet [*.....]
Gold:   454        SH:  0    Dex: 13    Spells: 16/27 levels left

rFire    + . .     SeeInvis .   u - staff of fire
rCold    . . .     Faith    .   (no shield)
rNeg     . . .     Spirit   .   a - +0 robe
rPois    +         Reflect  .   (no helmet)
rElec    .         Harm     .   x - +0 cloak of Qazlal's Respect {rPois rCorr MP+9}
rCorr    +         Rampage  .   (no gloves)
Will     .....                  h - +0 pair of boots
Stlth    ..........             (no amulet)
HPRegen  0.21/turn              i - +6 ring of strength
MPRegen  0.23/turn              (no ring)

@: berserking, very slightly contaminated, very quick
A: no striking features
a: Renounce Religion


You were on level 7 of the Dungeon.
You worshipped Vehumet.
Vehumet was aware of your devotion.
You visited 2 branches of the dungeon, and saw 9 of its levels.
You also visited: Bailey.

You collected 454 gold pieces.

Inventory:

Hand Weapons
 m - a +1 short sword of freezing
 q - a +3 quarterstaff of chaos
Armour
 a - a +0 robe (worn)
 g - a scarf of invisibility
 h - a +0 pair of boots (worn)
 o - a +0 cloak
 r - a +0 cloak of poison resistance
 x - the +0 cloak of Qazlal's Respect (worn) {rPois rCorr MP+9}
   (You found it in a bailey)

   rPois:     It protects you from poison.
   MP:        It affects your magic capacity (+9).
   rCorr:     It protects you from acid and corrosion.
Magical Staves
 u - a staff of fire (weapon)
 y - a staff of cold
Jewellery
 b - a ring of fire
 i - a +6 ring of strength (left hand)
 v - an amulet of guardian spirit
Wands
 l - a wand of paralysis (11)
 A - a wand of iceblast (6)
Scrolls
 c - 2 scrolls of vulnerability
 e - a scroll of silence
 s - a scroll of magic mapping
 t - 3 scrolls of teleportation
Potions
 f - a potion of might
 j - 2 potions of flight {unknown}
 k - 3 potions of attraction
 p - 2 potions of heal wounds {unknown}
 w - a potion of degeneration {unknown}
 z - a potion of haste


   Skills:
 + Level 3.6 Dodging
 + Level 4.5 Stealth
 + Level 9.9 Spellcasting
 + Level 9.0 Conjurations
 * Level 5.5 Fire Magic
 * Level 8.1 Earth Magic
 + Level 0.4 Evocations


You had 16 spell levels left.
You knew the following spells:

 Your Spells              Type           Power      Damage    Failure   Level
a - Magic Dart            Conj           100%       1d8       1%          1
b - Searing Ray           Conj           100%       3d7       1%          2
c - Stone Arrow           Conj/Erth      100%       3d13      1%          3
d - Bolt of Magma         Conj/Fire/Erth 34%        4d15      5%          5

Your spell library contained the following spells:

 Spells                   Type           Power      Damage    Failure   Level
 Sandblast                Erth           100%       2d20      1%          1
 Dazzling Flash           Conj/Hex       74%        N/A       1%          3
 Summon Small Mammal      Summ           52%        N/A       4%          1
 Ignite Poison            Fire/Tmut/Pois 35%        N/A       6%          3
 Ensorcelled Hibernation  Hex/Ice        26%        N/A       7%          2
 Wereblood                Tmut           13%        N/A       7%          2
 Fulminant Prism          Conj/Hex       18%        3d11      7%          4
 Iskenderun's Mystic Bla  Conj/Tloc      37%        2d9       7%          4
 Animate Armour           Summ/Erth      70%        N/A       8%          4
 Petrify                  Tmut/Erth      35%        N/A       8%          4
 Call Canine Familiar     Summ           13%        N/A       13%         3
 Spider Form              Tmut/Pois      6%         N/A       13%         3
 Summon Guardian Golem    Hex/Summ       13%        N/A       13%         3
 Borgnjor's Vile Clutch   Necr/Erth      17%        N/A       22%         5
 Freezing Cloud           Conj/Ice/Air   14%        6-21      34%         5
 Animate Dead             Necr           6%         N/A       41%         4
 Alistair's Intoxication  Tmut/Pois      8%         N/A       77%         5
 Excruciating Wounds      Necr           6%         N/A       77%         5
 Statue Form              Tmut/Erth      23%        N/A       77%         6
 Eringya's Noxious Bog    Tmut/Pois      6%         N/A       100%        6
 Shadow Creatures         Summ           N/A        N/A       100%        6
 Shatter                  Erth           27%        3d23*     100%        9


Dungeon Overview and Level Annotations

Branches:
Dungeon (8/15)             Temple (1/1) D:6          Bailey (visited)
   Lair: D:8-11

Altars:
Ashenzari
Cheibriados
Dithmenos
Elyvilon
Fedhas
Gozag
Hepliaklqana
Kikubaaqudgha
Makhleb
Nemelex Xobeh
Okawaru
Qazlal
Ru
Sif Muna
Uskayaw
Vehumet
Wu Jian
Xom
Yredelemnul
Zin
The Shining One
Beogh

Shops:
D:5 ?[

Annotations:
D:3 1 runed translucent door, cdecastro's ghost, amateur HOFi


Message History

The green ugly thing pecks you.
* * * LOW HITPOINT WARNING * * *
Casting: Bolt of Magma (quite dangerous; 5% risk of failure)
Confirm with . or Enter, or press ? or * to list all spells.
The spell is quite dangerous to cast (5% risk of failure)!
Continue anyway?
Aiming: Bolt of Magma (quite dangerous; 5% risk of failure)
Press: ? - help, Shift-Dir - straight line, f - green ugly thing
Aim: a green ugly thing (71% to hit)
You feel a surge of power!
The bolt of magma hits the green ugly thing!!
The green ugly thing is heavily wounded.
The orc barely misses you. The orc closely misses you.
The green ugly thing barely misses you.
Casting: Bolt of Magma (quite dangerous; 5% risk of failure)
Confirm with . or Enter, or press ? or * to list all spells.
The spell is quite dangerous to cast (5% risk of failure)!
Continue anyway?
Aiming: Bolt of Magma (quite dangerous; 5% risk of failure)
Press: ? - help, Shift-Dir - straight line, f/p - green ugly thing
Aim: a green ugly thing (heavily wounded, 71% to hit)
You feel a surge of power!
You miscast Bolt of Magma.
You are very lightly contaminated with residual magic.
Nothing appears to happen.
The orc hits you with a +0 flail!
* * * LOW HITPOINT WARNING * * *
The orc misses you.
The green ugly thing basks in your mutagenic energy and changes!
A red film seems to cover your vision as you go berserk!
You feel yourself moving faster!
You feel mighty! The orc barely misses you. The orc closely misses you.
You are too berserk!
You hit the brown ugly thing!
The brown ugly thing is severely wounded.
The orc barely misses you. The orc hits you but does no damage.
You closely miss the brown ugly thing.
The brown ugly thing is severely wounded.
The brown ugly thing stings you but does no damage.
The orc misses you. The orc completely misses you.
You hit the brown ugly thing.
The brown ugly thing is severely wounded.
The brown ugly thing stings you!
You die...

# #.....#...##.#######.#
#####.#####...#.......##.#
.........##.#.#..###...#.#
#####.##.##.#........#'#.#
..#....#.##.#.......##_#.#
#.#.#..#.##.#........#+#.#
#.#....#.##.###....###.#.#
#.#<...#.##.# #oo[...#...#
#.###..#.##.####@)...###.#
#......#.##.#..[.u...###.#
#####..#.##.#.###.#......#
#......#.##.#.....<#.#.###
#........##.#..#'#####.#
###########.#..#.....'.#
## #........#.###.### .#
#.#...##.#.###.# .###
#.#.#.#..#.###.#


You could see a brown ugly thing and 2 orcs.

Vanquished Creatures
  An orc knight (Bailey)
  Grinder (D:4)
  Menkaure (D:5)
  2 water moccasins
  7 orc warriors
  3 ice beasts
  A black bear (D:5)
  A necrophage (D:7)
  2 centaurs
  3 ogres
  A scorpion (D:4)
  A wyvern skeleton (D:7)
  A water moccasin skeleton (D:7)
  A howler monkey (D:4)
  A bullfrog zombie (D:5)
  A centaur skeleton (D:4)
  6 orc priests
  Crazy Yiuf (D:5)
  3 hounds
  4 jellies
  3 iguanas
  6 orc wizards
  Terence (D:2)
  3 adders
  8 gnolls
  A howler monkey skeleton (D:7)
  A white imp (D:7)
  2 ufetubi
  An adder skeleton (D:4)
  2 worms
  A dart slug (D:1)
  45 orcs
  2 bat zombies (D:5)
  5 endoplasms
  3 giant cockroaches
  4 goblins
  8 hobgoblins
  2 jackals (D:4)
  8 kobolds
  3 quokkas
  7 ball pythons
  4 bats
  2 frilled lizards (D:3)
  4 rats
  2 rat zombies (D:5)
170 creatures vanquished.

Vanquished Creatures (others)
  2 fungi (D:5)
2 creatures vanquished.

Grand Total: 172 creatures vanquished

Notes
Turn   | Place    | Note
-------+----------+-------------------------------------------
     0 | D:1      | horus123 the Deep Elf Conjurer began the quest for the Orb.
     0 | D:1      | Reached XP level 1. HP: 10/10 MP: 6/6
    96 | D:1      | Found a faded altar of an unknown god.
   219 | D:1      | Reached XP level 2. HP: 15/15 MP: 1/8
   281 | D:1      | Learned a level 2 spell: Searing Ray
   296 | D:1      | Reached skill level 5 in Conjurations
   792 | D:1      | Reached XP level 3. HP: 19/19 MP: 4/9
   796 | D:1      | Learned a level 3 spell: Stone Arrow
  1291 | D:2      | Noticed Terence
  1297 | D:2      | Killed Terence
  1303 | D:2      | Identified a scroll of acquirement
  1303 | D:2      | Acquired Sif Muna's Collected Works on Evil Magic and
                  | Transmutation
  1423 | D:2      | Reached XP level 4. HP: 24/24 MP: 1/11
  1784 | D:2      | Got Ledgh's Tome of Ashen Ice
  2263 | D:3      | Found a hazy altar of Hepliaklqana.
  2486 | D:3      | Reached skill level 1 in Earth Magic
  2798 | D:3      | Found a runed translucent door.
  2798 | D:3      | Noticed cdecastro's ghost (amateur HOFi)
  2804 | D:3      | Noticed a water moccasin
  2810 | D:3      | Killed a water moccasin
  2811 | D:3      | Reached XP level 5. HP: 27/28 MP: 2/14
  2934 | D:3      | Learned a level 5 spell: Bolt of Magma
  3472 | D:4      | Reached skill level 5 in Spellcasting
  3472 | D:4      | Reached XP level 6. HP: 32/32 MP: 9/15
  4186 | D:5      | Entered Level 5 of the Dungeon
  4228 | D:5      | Found Yrrolech's Antique Armour Boutique.
  4238 | D:5      | Noticed Grinder
  4241 | D:5      | Reached skill level 1 in Fire Magic
  4253 | D:6      | Noticed an ice beast
  4431 | D:4      | Reached XP level 7. HP: 21/36 MP: 10/18
  5240 | D:4      | Killed Grinder
  5609 | D:5      | Found an opulent altar of Gozag.
  5918 | D:5      | Found a sparkling altar of Nemelex Xobeh.
  5945 | D:5      | Found a runed translucent door.
  5953 | D:5      | Found Quimaquf's Magic Scroll Shoppe.
  6157 | D:5      | Noticed Menkaure
  6162 | D:5      | Reached XP level 8. HP: 22/41 MP: 10/20
  6167 | D:5      | Killed Menkaure
  6502 | D:5      | Found an ancient bone altar of Kikubaaqudgha.
  6626 | D:5      | Found a runed translucent door.
  6627 | D:5      | Noticed Crazy Yiuf
  7218 | D:5      | Reached skill level 5 in Earth Magic
  7499 | D:5      | Killed Crazy Yiuf
  7862 | D:6      | Found a large runed translucent door.
  7863 | D:6      | Found a large runed translucent door.
  8156 | D:6      | Found a staircase to the Ecumenical Temple.
  8163 | Temple   | Entered the Ecumenical Temple
  8236 | Temple   | Became a worshipper of Vehumet
  8912 | D:6      | Found a snail-covered altar of Cheibriados.
  8926 | D:6      | Found a stormy altar of Qazlal.
  9042 | D:7      | Reached XP level 9. HP: 45/45 MP: 2/23
  9560 | D:7      | Found a flagged portal.
  9573 | Bailey   | Entered a bailey
  9893 | Bailey   | Noticed an orc knight
 10015 | Bailey   | Killed an orc knight
 10016 | Bailey   | Reached skill level 5 in Fire Magic
 10016 | Bailey   | Reached * piety under Vehumet
 10016 | Bailey   | Offered knowledge of Sandblast by Vehumet.
 10185 | Bailey   | Identified the +0 cloak of Qazlal's Respect {rPois rCorr
                  | MP+9}
 10867 | D:7      | Found a white marble altar of Elyvilon.
 11017 | D:8      | Noticed a green ugly thing
 11214 | D:7      | HP: 1/45 [green ugly thing (12)]
 11221 | D:7      | Mangled by a brown ugly thing

Illustrated notes

Levels and vault maps discovered:
D:1:      tarquinn_simple_flora_water_a, layout_basic,
          ebering_ecumenical_altar_box
D:2:      layout_loops_ring, uniq_terence
D:3:      layout_loops_cross, mainiacjoe_overflow_concentric_impassable,
          gammafunk_ghost_grave, minmay_stone_trees_medium,
          minmay_misc_feat_enclosed, bh_walls_and_bars
D:4:      layout_cave_pools
D:5:      layout_rooms, lemuel_zombie_altar_kikubaaqudgha,
          nemelex_diamond_rough_becter, nicolae_gozag_seed_capital,
          serial_shops, shop, minmay_misc_feat_roman, nicolae_stop_n_shop_1,
          lightli_church_of_beogh, uniq_crazy_yiuf_cottage, uniq_menkaure,
          uniq_grinder
D:6:      layout_cave_pods, jmf_multi_god_temple2, minmay_temple_entry_waves
D:7:      layout_basic, kennysheep_mini, enter_bailey_2,
          minmay_misc_feat_encased, st_stairs_3, hangedman_decor_diamond_cutter,
          minmay_starry_boxes
D:8:      layout_cave_pools, ebering_ghost_disaster_area,
          kennysheep_small_circle
Temple:   jpeg_temple_clearing

Skill      XL: |  1  2  3  4  5  6  7  8  9 |
---------------+----------------------------+-----
Conjurations   | 5 6 7 8 9 |  9.0
Spellcasting   | 4 5 6 7 8 9 |  9.9
Earth Magic    | 2 4 6 8 |  8.1
Stealth        | 3 4 |  4.5
Dodging        | 3 |  3.6
Fire Magic     | 1 2 4 5 |  5.5
Evocations     | |  0.4

Action                   |  1- 3 |  4- 6 |  7- 9 || total
-------------------------+-------+-------+-------++-------
Melee: Short sword       |       |       |     1 ||     1
       Staff             |       |       |     3 ||     3
 Cast: Magic Dart        |    12 |       |     9 ||    21
       Searing Ray       |    23 |    24 |     9 ||    56
       Stone Arrow       |     1 |    28 |   128 ||   157
       Bolt of Magma     |       |       |    12 ||    12
Evoke: Wand              |       |       |     5 ||     5
  Use: Scroll            |     3 |     3 |     4 ||    10
       Potion            |     3 |       |     6 ||     9
Armor: Robe              |       |     2 |    12 ||    14
Dodge: Dodged            |     9 |     8 |    61 ||    78
